 Dungeon Sprint DCSS version 0.27-a0-1217-g8a41f320e8 (webtiles) character file.

Game seed: 10398178074386541331

2 mhtbhm the Slasher (level 1, -2/19 HPs)
             Began as a Palentonga Berserker on June 5, 2021.
             Was a Believer of Trog.
             Slain by a human (5 damage)
             ... in the Dungeon (Sprint III: "The Ten Rune Challenge").
             The game lasted 00:00:22 (103 turns).

mhtbhm the Slasher (Palentonga Berserker)            Turns: 103, Time: 00:00:22

Health: -2/19      AC:  4    Str: 20    XL:     1   Next: 33%
Magic:  1/1        EV:  9    Int:  7    God:    Trog [**....]
Gold:   0          SH:  0    Dex:  9    Spells: 0/0 levels left

rFire    . . .     SeeInvis +   a - +0 falchion
rCold    . . .     Faith    .   (no shield)
rNeg     . . .     Spirit   .   b - +0 animal skin
rPois    .         Reflect  .   (no helmet)
rElec    .         Harm     .   (no cloak)
rCorr    .         Rampage  .   (no gloves)
Will     .....     NoTele   +   (no barding)
Stlth    +.........             (no amulet)
HPRegen  0.06/turn              (no ring)
MPRegen  0.07/turn              (no ring)

@: on berserk cooldown, slowed, very slow
A: large, rugged brown scales 3, see invisible, deformed body, roll 1, armoured
tail
a: Rolling Charge, Renounce Religion, Berserk, Trog's Hand


You were in the Dungeon.
You worshipped Trog.
Trog was pleased with you.
You visited 1 branch

Inventory:

Hand Weapons
 a - a +0 falchion (weapon)
Armour
 b - a +0 animal skin (worn)
Scrolls
 h - a scroll of blinking
 i - a scroll of identify {unknown}
Potions
 c - a potion of curing
 e - a potion of haste
 f - 2 potions of magic
 g - a potion of berserk rage


   Skills:
 + Level 3.4 Fighting
 + Level 3.4 Long Blades
 + Level 1.7 Armour
 + Level 1.7 Dodging


You couldn't memorise any spells.
You didn't know any spells.
Your spell library was empty.

Dungeon Overview and Level Annotations

Branches:
Dungeon (1/1)

Altars:


Innate Abilities, Weirdness & Mutations

You are completely covered in rugged brown scales. (AC +3, +7% HP)
You have supernaturally acute eyesight. (SInv)
Armour fits poorly on your strangely shaped body.
You can roll at nearby foes to attack.
You have a long armoured tail.


Message History

You feel a strong urge to attack something.
You are no longer berserk.
You are exhausted.
You feel yourself slow down.
You feel much better. The human misses you.
You aren't carrying any items that you can evoke.
Unknown command.
The human barely misses you.
You riposte.
You hit the human but do no damage.
The human is moderately wounded.
The human barely misses you. The human hits you but does no damage.
There is an open door here.
The human barely misses you.
You riposte.
You miss the human.
The human is moderately wounded.
The human barely misses you. The human closely misses you.
There is an open door here.
The human hits you. The human barely misses you.
There is an open door here.
The human misses you.
You riposte.
You barely miss the human.
The human is moderately wounded.
The human barely misses you.
You riposte.
You hit the human.
The human is moderately wounded.
The human hits you.
There is a staircase leading out of the dungeon here.
The human hits you.
You closely miss the human.
The human is moderately wounded.
The human hits you. x2
You hit the human.
Your tail-slap misses the human.
The human is heavily wounded.
The human barely misses you.
You closely miss the human.
The human is heavily wounded.
The human closely misses you. The human hits you!
* * * LOW HITPOINT WARNING * * *
You hit the human.
The human is severely wounded.
The human barely misses you. The human hits you.
You die...

▓▓▓▓ ▓<@# ▓.p#
▓#'#### ▓.....#
▓.....#...≈≈.♣♣♣.
▓.....#..≈≈≈≈.♣.♣.
▓####'#..≈≈≈≈≈≈♣..
▓:..†.#.≈≈≈≈≈≈....
▓.....#.≈≈≈≈≈.....


You could see a human.

Vanquished Creatures
  4 rats (D)
4 creatures vanquished.

Vanquished Creatures (others)
  3 plants (D)
3 creatures vanquished.

Grand Total: 7 creatures vanquished

Notes
Turn   | Place    | Note
-------+----------+-------------------------------------------
     0 | D        | mhtbhm the Palentonga Berserker began the quest for the
                  | Orb.
     0 | D        | Reached XP level 1. HP: 19/19 MP: 1/1
    13 | D        | Reached ** piety under Trog
   103 | D        | Slain by a human

Illustrated notes

Levels and vault maps discovered:
D:        dungeon_sprint_mu [sprint_mu_entry_forest, sprint_mu_temple_rooms,
          sprint_mu_d1_horrors, sprint_mu_d2_genie, sprint_mu_d3_branching,
          sprint_mu_orc_legion, sprint_mu_elf_gauntlet, sprint_mu_hive_nellie,
          sprint_mu_lair_fedhas, sprint_mu_vaults_butterflies,
          sprint_mu_slime_circle, sprint_mu_swamp_cave, sprint_mu_shoals_archi,
          sprint_mu_blade_basic, sprint_mu_crypt_chambers,
          sprint_mu_tomb_spiral, sprint_mu_vestibule_basic,
          sprint_mu_gehenna_hellfire, sprint_mu_dis_giant,
          sprint_mu_tartarus_statrot, sprint_mu_cocytus_islands, sprint_mu_zot1]

Action                   || total
-------------------------++-------
Melee: Falchion          ||    17
       Tailslap          ||     3
Invok: Berserk           ||     1
  Use: Potion            ||     1
Armor: Animal skin       ||     4
Dodge: Dodged            ||    15
       Rpst.: Falchion   ||     5

Table legend: (Time is in decaauts)
 A = Elapsed time spent in this place.
 B = Non-inter-level travel time spent in this place.
 C = Inter-level travel time spent in this place.
 D = Time resting spent in this place.
 E = Time spent auto-exploring this place.
 F = Levels seen in this place.
 G = Mean time per level.
                   A        B        C        D        E       F      G
               +--------+--------+--------+--------+--------+-----+--------+
         Total |    113 |    113 |      0 |     32 |      1 |   1 |  113.0 |
       Dungeon |    113 |    113 |      0 |     32 |      1 |   1 |  113.0 |
               +--------+--------+--------+--------+--------+-----+--------+

Top non-repeatable levels by time:
       D: 113 daAuts
